 Dungeon Crawl Stone Soup version 0.31.0-11-ge490571c62 (webtiles) character file.

Game seed: 15575253756198113060

21648374 SnakkuSnakku7 the Holy Roller (level 27, 233/275 HPs)
             Began as an Armataur Hedge Wizard on Jan 27, 2024.
             Was the Champion of the Shining One.
             Escaped with the Orb
             ... and 15 runes
             ... and 6 gems!
             The game lasted 02:41:48 (72058 turns).

SnakkuSnakku7 the Holy Roller (AtHW)               Turns: 72058, Time: 02:41:49

Health: 233/275    AC: 65    Str: 23    XL:     27
Magic:  38/45      EV: 19    Int: 24    God:    the Shining One [******]
Gold:   13223      SH: 42    Dex: 10    Spells: 31/31 levels left

rFire   . . .        w - +8 mithril axe "Arga" {speed, Will+}
rCold   + . .        J - +8 tower shield {AC+3}
rNeg    + + +        D - +9 scales of the Dragon King {rPois rF+ rC+ Will+}
rPois   +            X - +2 helmet {Int+3}
rElec   .            G - +4 dragonskin cloak
rCorr   .            L - +2 pair of gloves
SInv    .            W - +4 barding
Will    +++++        c - brooch of Shielding {Spirit SH+8} Stlth
                     v - ring of the Hare {EV+10}
HPRegen 0.65/turn    m - ring of the Octopus King {HP+2 MP+9 AC+2 EV+2 SH+2}
MPRegen 0.29/turn

%: guardian spirit, roll
@: glowing, studying 2 skills
A: large, deformed body, tough skin 3, armoured tail, roll 2, clever 1,
deterioration 2, low MP 1, strong-willed 1, weak 1, wild magic 1, no potion heal
1, heat vulnerability 1
0: Orb of Zot
}: 15/15 runes: decaying, serpentine, slimy, silver, golden, iron, obsidian,
icy, bone, abyssal, demonic, glowing, magical, fiery, dark
a: Renounce Religion, Divine Shield, Cleansing Flame, Summon Divine Warrior


You escaped.
You worshipped the Shining One.
The Shining One was exalted by your worship.
You visited 17 branches of the dungeon, and saw 86 of its levels.
You visited Pandemonium 1 time, and saw 22 of its levels.
You visited the Abyss 4 times.
You also visited: Bailey and Ice Cave.

You collected 16243 gold pieces.
You spent 3020 gold pieces at shops.

Inventory:

Hand Weapons
 a - a +9 broad axe of electrocution
 b - a +9 broad axe of holy wrath
 w - the +8 mithril axe "Arga" (weapon) {speed, Will+}
   (You acquired it on level 5 of the Pits of Slime)

   Will+:     It increases your willpower.
Missiles
 F - 2 throwing nets
Armour
 D - the +9 scales of the Dragon King (worn) {rPois rF+ rC+ Will+}
   (You found it in a bailey)

   rF+:       It protects you from fire.
   rC+:       It protects you from cold.
   rPois:     It protects you from poison Will+: It increases your willpower.
 G - the +4 dragonskin cloak (worn)
   (You took it off Tiamat on level 4 of the Realm of Zot)

   Avatar's Aegis: It grants the wearer a chance to resist fire, cold, poison,
   electricity, acid, and negative energy.
 J - a +8 tower shield of protection (worn)
 L - a +2 pair of gloves (worn)
 W - a +4 barding (worn)
 X - a +2 helmet of intelligence (worn)
Jewellery
 c - the brooch of Shielding (around neck) {Spirit SH+8}
   (You found it on level 10 of the Dungeon)

   [amulet of guardian spirit]

   Spirit:    It causes incoming damage to be divided between your reserves of
   health and magic.
   SH+8:      It affects your SH (+8).
 j - the ring "Hownoniru" {Fly rPois rC+ Str+5 Int-3}
   (You found it on level 7 of Gehenna)

   [ring of protection from cold]

   Str+5:     It affects your strength (+5).
   Int-3:     It affects your intelligence (-3).
   rC+:       It protects you from cold.
   rPois:     It protects you from poison Fly: It grants you flight.
 m - a ring of the Octopus King (right hand) {HP+2 MP+9 AC+2 EV+2 SH+2}
   (You found it on level 7 of Tartarus)

   [ring of magical power]

   AC+2:      It affects your AC (+2).
   EV+2:      It affects your evasion (+2).
   HP+2:      It affects your health (+2).
   MP+9:      It affects your magic capacity (+9).
   SH+2:      It affects your SH (+2).
 o - the ring "Tedgh" {rC++ Will+ Str+6 Int-5 Dex-4}
   (You found it on level 7 of Tartarus)

   [ring of strength]

   Str+6:     It affects your strength (+6).
   Int-5:     It affects your intelligence (-5).
   Dex-4:     It affects your dexterity (-4).
   rC++:      It greatly protects you from cold.
   Will+:     It increases your willpower.
 v - the ring of the Hare (left hand) {EV+10}
   (You found it on level 3 of the Elven Halls)

   [ring of evasion]

   EV+10:     It affects your evasion (+10).
 C - the ring of Pride {Fire Dex+3}
   (You took it off a balrug in Pandemonium)

   [ring of fire]

   Fire:      It enhances your fire magic.
   Dex+3:     It affects your dexterity (+3).
   rF+:       It protects you from fire.
   rC-:       It makes you vulnerable to cold.
 K - the ring "Doheulin" {rF+ EV+5}
   (You acquired it on level 9 of the Dungeon)

   [ring of evasion]

   EV+5:      It affects your evasion (+5).
   rF+:       It protects you from fire.
 P - the ring "Rihob" {+Blink Will+ Int+3 Slay+3}
   (You found it on level 7 of Cocytus)

   [ring of willpower]

   Int+3:     It affects your intelligence (+3).
   Slay+3:    It affects your accuracy & damage with ranged weapons and melee
   (+3).
   Will+:     It increases your willpower.
   +Blink:    It lets you blink.
 Y - the ring "Liemp" {Will+ Int+6 Dex+5}
   (You took it off an efreet in Pandemonium)

   [ring of intelligence]

   Int+6:     It affects your intelligence (+6).
   Dex+5:     It affects your dexterity (+5).
   Will+:     It increases your willpower.
Wands
 q - a wand of flame (100)
 t - a wand of digging (32)
 I - a wand of mindburst (40)
 M - a wand of quicksilver (57)
 O - a wand of polymorph (29)
 Q - a wand of paralysis (92)
 V - a wand of roots (84)
Scrolls
 g - 2 scrolls of revelation
 k - 13 scrolls of poison
 l - 9 scrolls of teleportation
 u - 7 scrolls of silence
 y - 3 scrolls of blinking
 A - 7 scrolls of fog
 H - 5 scrolls of summoning
 N - 2 scrolls of vulnerability
 R - 5 scrolls of immolation
 U - 7 scrolls of fear
Potions
 d - 3 potions of magic
 e - 8 potions of heal wounds
 f - 7 potions of attraction
 h - 23 potions of brilliance
 i - 27 potions of curing
 n - 4 potions of might
 p - 4 potions of cancellation
 r - a potion of resistance
 s - 2 potions of haste
 z - 5 potions of mutation
 B - 6 potions of enlightenment
 S - 4 potions of ambrosia
Miscellaneous
 x - a phial of floods
 E - a sack of spiders
 T - a lightning rod (4/4)
 Z - a phantom mirror


   Skills:
 O Level 27 Fighting
 - Level 17.0(18.0) Axes
 - Level 10.7(15.8) Maces & Flails
 O Level 27 Armour
 + Level 16.9 Dodging
 - Level 2.1 Stealth
 O Level 27 Shields
 - Level 2.6 Spellcasting
 - Level 0.8 Conjurations
 - Level 0.7 Summonings
 - Level 1.0 Translocations
 O Level 27 Invocations
 - Level 21.5 Evocations


You had 31 spell levels left.
You didn't know any spells.
Your spell library contained the following spells:

 Spells                   Type           Power      Damage    Failure   Level
 Apportation              Tloc           20%        N/A       61%         1
 Magic Dart               Conj           36%        1d4       63%         1
 Summon Small Mammal      Summ           32%        N/A       65%         1
 Foxfire                  Conj/Fire      24%        2x1d5     67%         1
 Kiss of Death            Conj/Necr      24%        2d7       67%         1
 Shock                    Conj/Air       24%        1d4       67%         1
 Sting                    Conj/Alch      24%        1d4       67%         1
 Freeze                   Ice            16%        1d4       73%         1
 Necrotise                Necr           16%        1d4       73%         1
 Sandblast                Erth           8%         2d5       73%         1
 Slow                     Hex            16%        N/A       73%         1
 Blink                    Tloc           20%        N/A       73%         2
 Lesser Beckoning         Tloc           20%        N/A       73%         2
 Momentum Strike          Conj/Tloc      20%        3d8       75%         2
 Call Imp                 Summ           16%        N/A       78%         2
 Static Discharge         Conj/Air       12%        3-4/arc   82%         2
 Cigotuvi's Dreadful Rot  Necr/Alch/Air  8%         N/A       86%         2
 Ensorcelled Hibernation  Hex/Ice        8%         N/A       86%         2
 Jinxbite                 Hex            8%         N/A       86%         2
 Mercury Vapours          Alch/Air       8%         N/A       86%         2
 Scorch                   Fire           8%         2d5       86%         2
 Sublimation of Blood     Necr           4%         N/A       86%         2
 Gell's Gravitas          Tloc           10%        N/A       91%         3
 Teleport Other           Tloc           10%        N/A       91%         3
 Call Canine Familiar     Summ           8%         N/A       94%         3
 Dazzling Flash           Conj/Hex       12%        N/A       95%         3
 Hailstorm                Conj/Ice       6%         3d5       95%         3
 Stone Arrow              Conj/Erth      12%        3d7       95%         3
 Volatile Blastmotes      Fire/Tloc      14%        2d11      95%         3
 Mephitic Cloud           Conj/Alch/Air  5%         N/A       96%         3
 Summon Ice Beast         Ice/Summ       6%         N/A       96%         3
 Confusing Touch          Hex            4%         N/A       97%         3
 Frozen Ramparts          Ice            8%         1d2       97%         3
 Fugue of the Fallen      Necr           4%         N/A       97%         3
 Ozocubu's Armour         Ice            4%         N/A       97%         3
 Passwall                 Erth           4%         N/A       97%         3
 Swiftness                Air            4%         N/A       97%         3
 Airstrike                Air            2%         2d(1-17)  100%        4
 Anguish                  Hex/Necr       2%         N/A       100%        4
 Animate Armour           Summ/Erth      12%        N/A       100%        4
 Brom's Barrelling Bould  Conj/Erth      6%         2d3       100%        4
 Cause Fear               Hex            2%         N/A       100%        4
 Dispel Undead            Necr           4%         3d7       100%        4
 Flame Wave               Conj/Fire      6%         2d5       100%        4
 Fulminant Prism          Conj/Alch      3%         3d5       100%        4
 Ignite Poison            Fire/Alch      4%         N/A       100%        4
 Iskenderun's Mystic Bla  Conj/Tloc      10%        2d4       100%        4
 Leda's Liquefaction      Alch/Erth      2%         N/A       100%        4
 Manifold Assault         Tloc           10%        N/A       100%        4
 Olgreb's Toxic Radiance  Alch           4%         N/A       100%        4
 Petrify                  Alch/Erth      4%         N/A       100%        4
 Sticky Flame             Fire/Alch      4%         2d4       100%        4
 Summon Blazeheart Golem  Fire/Summ      6%         N/A       100%        4
 Summon Lightning Spire   Summ/Air       6%         N/A       100%        4
 Vhi's Electric Charge    Tloc/Air       14%        N/A       100%        4
 Alistair's Intoxication  Alch           2%         N/A       100%        5
 Arcjolt                  Conj/Air       3%         1d13      100%        5
 Borgnjor's Vile Clutch   Necr/Erth      2%         N/A       100%        5
 Fireball                 Conj/Fire      3%         3d4       100%        5
 Freezing Cloud           Conj/Ice/Air   2%         6-21      100%        5
 Irradiate                Conj/Alch      3%         3d12      100%        5
 Iskenderun's Battlesphe  Conj           9%         2d6       100%        5
 Lee's Rapid Deconstruct  Erth           2%         3d4*      100%        5
 Metabolic Englaciation   Hex/Ice        2%         N/A       100%        5
 Summon Forest            Summ/Tloc      4%         N/A       100%        5
 Summon Mana Viper        Hex/Summ       6%         N/A       100%        5
 Bombard                  Conj/Erth      3%         9d1       100%        6
 Conjure Ball Lightning   Conj/Air       3%         3x3d6     100%        6
 Dispersal                Tloc           5%         N/A       100%        6
 Eringya's Noxious Bog    Alch           2%         4d6       100%        6
 Plasma Beam              Fire/Air       2%         2x1d12    100%        6
 Sculpt Simulacrum        Ice/Alch       2%         N/A       100%        6
 Starburst                Conj/Fire      3%         6d3       100%        6
 Summon Cactus Giant      Summ           4%         N/A       100%        6
 Malign Gateway           Summ/Tloc      4%         N/A       100%        7
 Monstrous Menagerie      Summ           4%         N/A       100%        7
 Orb of Destruction       Conj           4%         9d5       100%        7
 Ozocubu's Refrigeration  Ice            2%         4d7       100%        7
 Spellforged Servitor     Conj/Summ      4%         N/A       100%        7
 Summon Hydra             Summ           4%         N/A       100%        7
 Discord                  Hex            2%         N/A       100%        8
 Disjunction              Tloc           5%         N/A       100%        8
 Ignition                 Fire           2%         3d3       100%        8
 Maxwell's Capacitive Co  Air            2%         ∞         100%        8
 Chain Lightning          Conj/Air       3%         3d4       100%        9
 Dragon's Call            Summ           4%         N/A       100%        9
 Fire Storm               Conj/Fire      3%         8d1       100%        9
 Polar Vortex             Ice            2%         N/A       100%        9
 Shatter                  Erth           2%         3d6*      100%        9


Dungeon Overview and Level Annotations

Branches:
Dungeon (15/15)            Temple (0/1) D:7            Lair (5/5) D:10
  Swamp (4/4) Lair:3        Snake (4/4) Lair:2        Slime (5/5) Lair:4
    Orc (2/2) D:10            Elf (3/3) Orc:2        Vaults (5/5) D:14
  Crypt (3/3) Vaults:2       Tomb (3/3) Crypt:3      Depths (4/4) D:15
   Hell (visited)             Dis (7/7) Hell            Geh (7/7) Hell
    Coc (7/7) Hell            Tar (7/7) Hell            Zot (5/5) Depths:4
 Bailey (visited)           IceCv (visited)

Altars:
Ashenzari
Dithmenos
Elyvilon
Fedhas
Hepliaklqana
Kikubaaqudgha
Makhleb
Nemelex Xobeh
Qazlal
Sif Muna
Uskayaw
Vehumet
Wu Jian
Xom
Yredelemnul
Zin
The Shining One
Lugonu

Shops:
D:3 [=[!   D:9 :   D:12 *=[   Orc:2 ([*:   Elf:3 (?:([   Snake:2 ==:=
Vaults:4 =[*[?   Zot:4 *   Depths:1 !?   Depths:2 !

Portals:
Hell: Depths:1 Depths:2 Depths:3 Depths:4
Abyss: Depths:3 Depths:4
Pandemonium: Depths:2
Ziggurat: Depths:3
Trove: D:13 (give 4 scrolls of blinking)

Annotations:
D:7 7 runed translucent doors
Zot:5 exclusion: obsidian statue


Innate Abilities, Weirdness & Mutations

Armour fits poorly on your strangely shaped body.
You have extremely tough skin. (AC +3)
You have a long armoured tail.
You regenerate magic and health when rolling toward enemies. (Rampage Regen)
Your mind is acute. (Int +4, Str/Dex -1)
Your body often deteriorates upon taking damage.
Your magical capacity is low. (-10% MP)
You are strong-willed. (Will+)
You are weak. (Str -2)
Your spells are a little harder to cast, but a little more powerful.
Potions are less effective at restoring your health.
You are vulnerable to heat. (rF-)


Message History

You climb upwards.
Found 13 gold pieces.
There is a stone staircase leading down here.
You now have 13223 gold pieces (gained 13).
There are no items here.
Aiming: Dig
Press: ? - help, Shift-Dir - straight line A rock wall.
This square is lit by a halo and is covered in magical glow.
The rock shatters into small pieces.
There is an entrance to Xoutrux's Armour Boutique here.
There is a stone staircase leading up here.
You climb upwards.
There is a stone staircase leading down here.
Things that are here:
a +0 club; a +0 sling; a goblin skeleton
There is an open door here.
You see here 2 stones.
A green death comes into view.
The green death roars!
There is a stone staircase leading up here.
The green death gestures at you. The blast of poison misses you.
You climb upwards.
There is a stone staircase leading down here.
Aiming: Dig
Press: ? - help, Shift-Dir - straight line A rock wall.
This square is lit by a halo and is covered in magical glow.
The rock shatters into small pieces.
A Brimstone Fiend comes into view.
Aiming: Dig
Press: ? - help, Shift-Dir - straight line A rock wall.
This square is lit by a halo and is covered in magical glow.
The rock shatters into small pieces.
The Brimstone Fiend gestures at you.
The sphere of damnation explodes!
The damnation engulfs you!!!
There is a staircase leading out of the dungeon here.
You have escaped!

......##.# ######...).....
####...### ######## #.....>...
##...######......#### ##........
##...####............## #........
#....# #......####....###........
#....###....######.....##........
#....##....##.....##...###..[...#
##...#....###..#..###..###......#
#...#....##..#.@.###..##.......#
#.###....##...###+#..###......##
#.# #....###1..###...##.......#
##.# ##....#.........###......##
[..####.....###....####.......#
.....###.....########........##
###### ##......####.........##
##.#.................## ##
##.####.............#######)


You could see a Brimstone Fiend.

Vanquished Creatures
  Cerebov (Pan)
  the Royal Jelly (Slime:5)
  Gloorx Vloq (Pan)
  Ereshkigal (Tar:7)
  Lom Lobon (Pan)
  Tiamat (Zot:4)
  Dispater (Dis:7)
  7 dread liches
  Frederick (Vaults:5)
  2 orbs of fire (Zot:1)
  Mennas (Vaults:3)
  Mara (Swamp:4)
  2 juggernauts (Dis:7)
  2 ancient liches
  4 pandemonium lords (Pan)
  Xtahua (Crypt:2)
  22 royal mummies
  A Killer Klown (Zot:4)
  Boris (Vaults:5)
  12 shard shrikes
  Bai Suzhen (Swamp:4)
  Margery (Vaults:5)
  A curse toe (Zot:4)
  8 caustic shrikes
  Geryon (Hell)
  3 golden dragons
  Norris (Vaults:2)
  the Enchantress (Depths:2)
  7 profane servitors
  24 bone dragons
  18 Tzitzimimeh
  9 doom hounds
  7 iron giants
  The ghost of ironsdan the Warrior, an adept MiFi of the Shining One (Vaults:3)
  8 Brimstone Fiends
  19 hellephants
  13 tainted leviathans
  A spectral shard shrike (Tar:3)
  8 Hell Sentinels
  11 tentacled monstrosities
  19 Ice Fiends
  6 liches
  The ghost of Xafer the Impaler, an adept DsGl of Okawaru (Vaults:3)
  A shard shrike skeleton (Crypt:3)
  21 Orb Guardians
  5 deep elf blademasters
  27 titans
  7 acid blobs
  4 walking frostbound tomes
  2 deep elf master archers (Elf:3)
  Asterion (Vaults:2)
  2 quicksilver dragons
  12 sphinxes
  25 Executioners (Pan)
  28 ancient champions
  14 searing wretches
  11 tentacled starspawn
  6 death cobs
  Gastronok (Lair:1)
  16 storm dragons
  10 shadow dragons
  An eldritch tentacle (Pan)
  Kirke (Lair:5)
  5 revenants
  A draconian monk (Zot:1)
  20 azure jellies
  4 protean progenitors
  10 rockslimes
  6 demonspawn warmongers (Pan)
  A fenstrider witch (Swamp:1)
  2 daevas
  21 fire giants
  2 draconian knights
  10 tengu reavers
  21 nagarajas
  11 narguns
  4 iron dragons
  10 quicksilver elementals
  5 shard shrike simulacra
  21 vault wardens
  4 caustic shrike zombies
  4 ghost moths
  12 frost giants
  3 deep elf sorcerers
  3 draconian shifters
  Louise (D:15)
  6 curse skulls
  33 reapers
  30 balrugs
  5 deep elf elementalists
  A ghoul (Crypt:3)
  3 draconian scorchers
  2 draconian stormcallers (Zot:1)
  11 demonspawn blood saints
  24 ironbound preservers
  8 cacodemons (Pan)
  A draconian annihilator (Zot:4)
  4 orc warlords
  5 demonspawn corrupters
  6 juggernaut skeletons
  7 spriggan defenders
  23 very ugly things
  7 quicksilver oozes
  5 formless jellyfish
  2 caustic shrike skeletons (Pan)
  10 elemental wellsprings
  11 demonspawn black suns (Pan)
  6 ironbound thunderhulks
  15 stone giants
  5 green draconians
  6 red draconians
  11 vampire knights
  2 eleionomae
  8 deep elf death magi
  11 deep elf demonologists
  3 black draconians
  Nessos (D:12)
  7 deep elf annihilators
  The ghost of asd2613 the Unseen, a journeyman DEEn of Dithmenos (Snake:2)
  8 bennus
  19 putrid mouths
  24 war gargoyles
  A spark wasp (Depths:3)
  4 yellow draconians
  13 lorocyprocas
  4 white draconians
  14 wendigos
  27 dire elephants
  5 purple draconians
  A spectral titan (Tar:2)
  2 eidola
  5 crystal guardians
  14 green deaths
  22 blizzard demons
  13 iron golems
  5 jiangshi
  A merfolk javelineer (Depths:3)
  29 mummy priests
  16 ettins
  9 deep elf high priests
  16 yaktaur captains
  2 entropy weavers
  3 great orbs of eyes
  7 fire dragons
  16 hydras
  2 spectral spriggans
  Fannar (Orc:1)
  13 caustic shrike simulacra
  2 quicksilver dragon skeletons
  Harold (Lair:2)
  3 spriggan zombies
  11 spriggan air magi
  35 vault guards
  5 salamander tyrants
  A ghost crab (Swamp:4)
  6 hell beasts
  4 rakshasas
  5 ogre magi
  2 sphinx zombies (Hell)
  2 peacekeepers
  17 ice dragons
  4 juggernaut simulacra
  7 alligators
  17 centaur warriors
  16 ironbound frosthearts
  4 death knights
  A fenstrider witch skeleton (Tomb:2)
  A catoblepas (Lair:5)
  3 anacondas
  53 dancing weapons
  A spectral stone giant (Tar:1)
  12 two-headed ogres
  5 jorogumos (Pan)
  5 boulder beetles
  13 naga warriors
  6 stokers
  2 deep troll shamans
  A death yak (Lair:5)
  11 deep troll earth magi
  48 death scarabs
  11 vampire magi
  2 orc high priests
  9 shock serpents
  8 demonic crawlers
  36 hell hogs
  15 soul eaters
  5 tengu warriors
  6 thrashing horrors (Abyss:5)
  4 spriggan berserkers
  39 sun demons
  An Orb Guardian skeleton (Crypt:2)
  33 hell knights
  A titan zombie (Crypt:1)
  A spectral storm dragon (Tar:1)
  12 naga sharpshooters
  10 wretched stars
  A spectral dire elephant (Tar:2)
  Amaemon (Lair:1)
  18 deep elf knights
  A storm dragon zombie (Hell)
  5 skysharks
  16 shadow wraiths
  7 crystal echidnas
  4 salamander mystics
  3 hellephant skeletons (Pan)
  12 sixfirhies
  40 skeletal warriors
  A storm dragon skeleton (Crypt:1)
  2 spatial maelstroms (Abyss:5)
  81 deep trolls
  9 arcanists
  8 swamp dragons
  A deep troll (shapeshifter) (Vaults:5)
  A spectral anaconda (Tar:2)
  8 iron trolls
  17 shadow demons
  4 flayed ghosts
  6 quicksilver dragon simulacra
  9 mana vipers
  9 glowing orange brains
  A golden dragon zombie (Depths:1)
  A spark wasp zombie (Crypt:2)
  A tengu zombie (Hell)
  A glowing orange brain (shapeshifter) (Vaults:5)
  3 goliath frogs
  2 anaconda skeletons (Crypt:1)
  17 deep elf archers
  18 ironbound convokers
  6 spriggan simulacra
  6 bog bodies
  31 deep elf zephyrmancers
  9 lindwurms
  A bunyip skeleton (Hell)
  2 obsidian statues
  An orange crystal statue (IceCv)
  32 deep elf pyromancers
  A frost giant zombie (Crypt:1)
  12 phantasmal warriors
  3 sun moths (Pan)
  A spectral hydra (Tar:4)
  A lindwurm (shapeshifter) (Vaults:3)
  5 naga ritualists
  A shadow dragon skeleton (Crypt:1)
  A goliath frog zombie (Crypt:2)
  7 orc sorcerers
  A human zombie (Vaults:2)
  17 salamanders
  15 orc knights
  16 necromancers
  A spectral ettin (Tar:4)
  3 manticores
  A wolf spider (Lair:5)
  A stone giant zombie (Hell)
  2 shining eyes
  16 moths of wrath
  8 cyclopes
  A worldbinder (Abyss:5)
  A spectral centaur (Tar:2)
  A will-o-the-wisp (Abyss:5)
  41 ugly things
  4 fire giant zombies (Hell)
  17 naga magi
  A centaur zombie (Crypt:3)
  35 elephants
  A spectral alligator snapping turtle (Tar:1)
  3 apocalypse crabs
  A fire giant skeleton (Crypt:1)
  3 kobold blastminers (Orc:2)
  20 vault sentinels
  3 naga zombies
  4 Executioner simulacra (Pan)
  12 guardian serpents
  22 smoke demons
  6 torpor snails (Lair:5)
  13 orange demons
  A frost giant skeleton (Vaults:2)
  A titan simulacrum (Hell)
  A water nymph (shapeshifter) (Depths:2)
  27 black mambas
  3 rust devils
  An eye of devastation (Slime:5)
  2 dire elephant zombies
  23 cane toads
  9 ice statues
  An unseen horror (D:12)
  11 rime drakes
  An anaconda simulacrum (Coc:4)
  26 hellions
  41 large abominations
  5 freezing wraiths
  2 komodo dragons (shapeshifter)
  27 yaktaurs
  4 bunyip simulacra
  17 tormentors
  3 komodo dragons
  3 spectral nagas
  A yellow draconian skeleton (Crypt:1)
  12 ice devils
  6 efreet (Pan)
  Psyche (D:9)
  3 kobold demonologists
  3 iron giant simulacra
  3 ancient zymes
  2 spectral harpies
  An alligator snapping turtle skeleton (Crypt:1)
  4 golden dragon simulacra (Coc:6)
  10 polar bears
  2 tengu conjurers
  2 bloated husks
  A queen bee (shapeshifter) (Elf:3)
  5 red devils
  8 trolls
  A hydra zombie (Tomb:1)
  3 harpy zombies
  15 hellwings (Pan)
  42 guardian mummies
  3 wind drakes (Zot:1)
  8 tyrant leeches
  A harpy skeleton (Abyss:5)
  A hornet (shapeshifter) (Vaults:3)
  A wind drake (shapeshifter) (Vaults:5)
  A fire dragon zombie (Crypt:3)
  4 glass eyes
  20 hornets
  19 blink frogs
  2 raiju (shapeshifter)
  19 raiju
  4 stone giant simulacra
  An ettin zombie (Crypt:3)
  12 dream sheep (Lair:5)
  81 slime creatures
  A centaur simulacrum (Coc:1)
  An ettin skeleton (Crypt:3)
  7 wraiths
  A dire elephant simulacrum (Coc:4)
  4 shadows
  19 ushabtiu
  A satyr skeleton (Crypt:1)
  2 air elementals (Elf:1)
  5 naga simulacra
  22 ynoxinuls
  17 spriggans
  6 spriggan skeletons
  3 vampires
  18 wyverns
  7 basilisks
  4 humans (D:9)
  2 wargs
  60 yaks
  7 water elementals
  A fire elemental (Elf:2)
  A fire bat (Pan)
  11 chaos spawn
  12 neqoxecs
  The ghost of brilapsti the Insei, an amateur DgSh (D:4)
  4 golden eyes (Slime:5)
  6 redbacks
  9 vampire mosquitoes
  3 steam dragons
  39 nagas
  11 swamp worms
  A catoblepas simulacrum (Hell)
  4 acid dragons
  11 harpy simulacra
  6 spatial vortices (Abyss:5)
  20 water moccasins
  A demonspawn skeleton (Hell)
  A glowing shapeshifter skeleton (Depths:1)
  5 hell hounds (Hell)
  A sky beast (D:6)
  2 hydra simulacra (Coc:2)
  52 orc warriors
  2 swamp drakes
  A naga skeleton (Crypt:3)
  A redback (shapeshifter) (Vaults:5)
  30 laughing skulls
  2 ice beasts
  5 ettin simulacra
  3 black bears
  5 small abominations
  15 wolves
  A dream sheep skeleton (Crypt:1)
  11 ogres
  A phantom (D:7)
  20 centaurs
  4 kobold brigands
  A weeping skull (Abyss:3)
  A brain worm (Abyss:4)
  11 bullfrogs
  3 gnoll sergeants
  3 necrophages (Crypt:3)
  5 scorpions
  5 earth elementals
  2 human skeletons (Vaults:2)
  4 wights (D:10)
  A polar bear skeleton (Crypt:2)
  19 killer bees
  A wolf zombie (Crypt:1)
  5 howler monkeys
  10 electric eels
  A bullfrog zombie (Crypt:1)
  2 jellies
  A quasit (Abyss:3)
  22 orc priests
  A gnoll bouda (D:9)
  6 hounds
  13 starcursed masses (Abyss:5)
  A centaur skeleton (Crypt:2)
  Jessica (D:2)
  3 iguanas
  2 sleepcaps
  25 orc wizards
  An ogre skeleton (Crypt:2)
  35 mummies
  6 adders
  19 gnolls
  A steam dragon zombie (Crypt:2)
  4 ufetubi
  2 dart slugs
  66 orcs
  4 endoplasms
  2 giant cockroaches
  20 goblins
  5 hobgoblins
  4 jackals (D:4)
  13 kobolds
  2 quokkas
  7 ball pythons
  6 bats
  A bombardier beetle zombie (Crypt:2)
  3 frilled lizards
  3 rats
  2 ball lightnings (Pan)
  6 creeping infernos
  27 fire vortices
  2 lurking horrors
  A spectral weapon (Vaults:2)
  9 starspawn tentacles
3781 creatures vanquished.

Vanquished Creatures (collateral kills)
  Antaeus (Coc:7)
  Asmodeus (Geh:7)
  Mnoleg (Pan)
  the Serpent of Hell (Tar:7)
  2 Tzitzimimeh (Tar:7)
  2 protean progenitors (Pan)
  A hell hog (Geh:7)
  A crystal echidna (Dis:7)
  A skyshark (Lair:2)
  An orc knight (Bailey)
  An elephant (Lair:2)
13 creatures vanquished.

Vanquished Creatures (others)
  A shard shrike (Coc:5)
  A sphinx (Tomb:1)
  A nargun (Coc:7)
  6 fire giants
  A shard shrike simulacrum (Coc:7)
  2 draconian annihilators (Pan)
  A demonspawn blood saint (Pan)
  2 wendigos (Coc:7)
  A blizzard demon (Pan)
  An entropy weaver (Vaults:5)
  A mummy priest (Tomb:2)
  A juggernaut simulacrum (Coc:7)
  A dancing weapon (Crypt:3)
  A sixfirhy (Pan)
  A quicksilver dragon simulacrum (Coc:7)
  3 spriggan simulacra
  An arcanist (Elf:2)
  A vault sentinel (Vaults:2)
  A bunyip simulacrum (Coc:2)
  An anaconda simulacrum (Coc:7)
  An iron giant simulacrum (Coc:4)
  A bloated husk (Swamp:1)
  2 polar bears (IceCv)
  A naga simulacrum (Coc:7)
  5 humans (Lair:5)
  A spatial vortex (Abyss:5)
  3 harpy simulacra
  A hydra simulacrum (Coc:7)
  A boggart (Elf:2)
  13 ball lightnings (Pan)
  3 creeping infernos
  2 fire vortices
  22 starspawn tentacles
85 creatures vanquished.

Grand Total: 3879 creatures vanquished

Notes
Turn   | Place    | Note
-------+----------+-------------------------------------------
     0 | D:1      | SnakkuSnakku7 the Armataur Hedge Wizard began the quest for
                  | the Orb.
     0 | D:1      | Reached XP level 1. HP: 14/14 MP: 4/4
    84 | D:1      | Reached skill level 1 in Fighting
   214 | D:1      | Reached XP level 2. HP: 21/23 MP: 5/5
   782 | D:2      | Found a shadowy altar of Dithmenos.
   796 | D:2      | Reached XP level 3. HP: 29/30 MP: 7/7
   896 | D:2      | Noticed Jessica
   923 | D:2      | Killed Jessica
   997 | D:2      | Reached XP level 4. HP: 24/38 MP: 8/8
  1065 | D:2      | Found a faded altar of an unknown god.
  1294 | D:3      | Found Jav Caneli's Jewellery Shop.
  1349 | D:3      | Found a shimmering blue altar of Sif Muna.
  1476 | D:3      | Found an ornate altar of the Wu Jian Council.
  1490 | D:3      | Identified the +9 hand axe "Pekynos" {vamp, rElec}
  1637 | D:3      | Noticed an animated pearl dragon scales
  1638 | D:3      | Found Orrerchi's Armour Boutique.
  1638 | D:3      | Noticed an animated shadow dragon scales
  1649 | D:3      | Bought a +0 cloak for 58 gold pieces
  1918 | D:3      | Found Ygicon Pesa's Distillery.
  1920 | D:3      | Found Xoutrux's Armour Boutique.
  1936 | D:3      | Bought a potion of heal wounds for 65 gold pieces
  2000 | D:4      | Found a white marble altar of Elyvilon.
  2024 | D:4      | Noticed a centaur
  2029 | D:4      | Killed a centaur
  2030 | D:4      | Reached XP level 5. HP: 33/47 MP: 9/9
  2063 | D:4      | Reached skill level 1 in Axes
  2110 | D:4      | Noticed an ogre
  2113 | D:4      | Killed an ogre
  2114 | D:4      | Reached XP level 6. HP: 55/55 MP: 10/10
  2389 | D:4      | Found a transporter.
  2389 | D:4      | Noticed brilapsti's ghost (amateur DgSh)
  2389 | D:4      | Identified the +6 dire flail of Integrity {heavy, Dex+3}
  2413 | D:4      | Found a transporter.
  2552 | D:5      | Entered Level 5 of the Dungeon
  2564 | D:5      | Gained mutation: You regenerate magic and health when
                  | rolling toward enemies. (Rampage Regen) [Armataur growth]
  2564 | D:5      | Reached XP level 7. HP: 44/60 MP: 11/11
  2630 | D:5      | Reached skill level 5 in Axes
  2804 | D:5      | Found a hide-covered altar of Uskayaw.
  2813 | D:5      | Reached skill level 1 in Maces & Flails
  3052 | D:5      | Found a glowing golden altar of the Shining One.
  3130 | D:5      | Became a worshipper of the Shining One
  3528 | D:6      | HP: 2/60 [orc warrior/+0 halberd (13)]
  3532 | D:6      | Reached XP level 8. HP: 29/67 MP: 12/12
  4266 | D:7      | Reached skill level 5 in Maces & Flails
  4667 | D:7      | Found a staircase to the Ecumenical Temple.
  4897 | D:7      | HP: 3/67 [killer bee (7)]
  5085 | D:7      | Found a runed translucent door.
  5106 | D:7      | Found a sparkling altar of Nemelex Xobeh.
  5424 | D:7      | Reached XP level 9. HP: 71/73 MP: 13/13
  5819 | D:7      | Found a large runed translucent door.
  5819 | D:7      | Found a large runed translucent door.
  5820 | D:7      | Found a runed translucent door.
  5821 | D:7      | Found a large runed translucent door.
  5821 | D:7      | Found a large runed translucent door.
  5821 | D:7      | Found a large runed translucent door.
  5821 | D:7      | Found a large runed translucent door.
  6157 | D:8      | Reached * piety under the Shining One
  7009 | D:9      | Found a flagged portal.
  7050 | Bailey   | Entered a bailey
  7173 | Bailey   | Reached skill level 10 in Maces & Flails
  7181 | Bailey   | Noticed an orc knight
  7199 | Bailey   | Killed an orc knight
  7200 | Bailey   | Reached XP level 10. HP: 41/80 MP: 14/14
  7507 | Bailey   | Acquired the +1 pair of gloves "Hailarra" {rN+}
  7774 | Bailey   | Found the +9 scales of the Dragon King {rPois rF+ rC+
                  | Will+}
  7789 | Bailey   | Noticed an orc sorcerer
  7845 | Bailey   | Found an iron altar of Okawaru.
  7884 | Bailey   | Noticed an orange demon
  7888 | Bailey   | Paralysed by an orc sorcerer for 5 turns
  7892 | Bailey   | Noticed a rust devil
  7895 | Bailey   | Killed an orc sorcerer
  8216 | D:9      | Noticed a boulder beetle
  8216 | D:9      | Reached ** piety under the Shining One
  8224 | D:10     | Entered Level 10 of the Dungeon
  8224 | D:10     | Noticed a two-headed ogre
  8224 | D:10     | Found a staircase to the Orcish Mines.
  8234 | D:9      | Killed a boulder beetle
  8313 | D:9      | Reached XP level 11. HP: 45/85 MP: 15/15
  8524 | D:9      | Noticed a centaur warrior
  8534 | D:9      | Killed a centaur warrior
  8618 | D:9      | Identified the +11 great sword of Hupaonn {flame, rElec}
  8618 | D:9      | Noticed a tengu warrior
  8833 | D:3      | Bought a +4 ring of protection for 396 gold pieces
  9084 | D:9      | Reached skill level 10 in Axes
  9214 | D:9      | Found a radiant altar of Vehumet.
  9214 | D:9      | Found a burning altar of Makhleb.
  9404 | D:9      | Noticed Psyche
  9415 | D:9      | Killed Psyche
  9473 | D:9      | Found a sparkling altar of Nemelex Xobeh.
  9770 | D:9      | Identified the +9 mace of the Secret Stars {venom, rN+
                  | Dex+8}
  9770 | D:9      | Noticed a centaur warrior
  9781 | D:9      | Killed a centaur warrior
  9978 | D:9      | Found Pulargho's Book Boutique.
 10033 | D:9      | Found a burning altar of Makhleb.
 10034 | D:9      | Found an ancient bone altar of Kikubaaqudgha.
 10117 | D:9      | Acquired the ring "Doheulin" {rF+ EV+5}
 10121 | D:9      | Acquired the +10 tower shield of Ignorance {rN+ Int-4}
 10121 | D:9      | Found the +10 tower shield of Ignorance {rN+ Int-4}
 10240 | D:10     | Killed a two-headed ogre
 10299 | D:10     | Noticed a two-headed ogre
 10307 | D:10     | Killed a two-headed ogre
 10399 | D:10     | Found a staircase to the Lair.
 10426 | D:10     | Found a blossoming altar of Fedhas.
 10443 | D:10     | Reached *** piety under the Shining One
 10460 | D:10     | Found a broken altar of Ashenzari.
 10764 | D:10     | Found the brooch of Shielding {Spirit SH+8}
 10854 | D:10     | Found a hazy altar of Hepliaklqana.
 10856 | D:10     | Found an ancient bone altar of Kikubaaqudgha.
 10856 | D:10     | Found a shimmering altar of Xom.
 10971 | Lair:1   | Entered Level 1 of the Lair of Beasts
 10991 | Lair:1   | Reached XP level 12. HP: 93/93 MP: 16/16
 11265 | Lair:1   | Noticed Amaemon
 11313 | Lair:1   | Killed Amaemon
 11385 | Lair:1   | Noticed Gastronok
 11404 | Lair:1   | Killed Gastronok
 11807 | Lair:2   | Noticed Harold
 11825 | Lair:2   | Killed Harold
 11876 | Lair:2   | Reached **** piety under the Shining One
 11916 | Lair:2   | Reached skill level 15 in Axes
 11930 | Lair:2   | Reached skill level 1 in Shields
 11938 | Lair:2   | Reached XP level 13. HP: 99/99 MP: 17/17
 12453 | Lair:2   | Found a staircase to the Snake Pit.
 12470 | Lair:2   | Reached skill level 5 in Shields
 12786 | Lair:3   | Found a staircase to the Swamp.
 13029 | Lair:3   | Reached skill level 10 in Shields
 13029 | Lair:3   | Reached skill level 1 in Armour
 13448 | Lair:4   | Identified the +1 long sword of the Piercing Big Fish
                  | {drain, *Noise rC+ Str+4}
 13455 | Lair:4   | Reached skill level 5 in Armour
 13898 | Lair:4   | You fall into a shaft and drop 1 floor!
 13898 | Lair:5   | Entered Level 5 of the Lair of Beasts
 13898 | Lair:5   | Reached ***** piety under the Shining One
 13909 | Lair:5   | Noticed Kirke
 13921 | Lair:5   | Killed Kirke
 13922 | Lair:5   | Reached XP level 14. HP: 93/105 MP: 15/18
 14098 | Lair:5   | Got an earthy gem with 697 turns to spare
 14217 | Lair:5   | Reached skill level 10 in Armour
 14252 | Lair:5   | Reached skill level 5 in Fighting
 14992 | Lair:5   | Reached skill level 10 in Fighting
 15181 | Lair:5   | Reached XP level 15. HP: 118/126 MP: 19/19
 15544 | Lair:5   | Found a glowing silver altar of Zin.
 15708 | Lair:4   | Found a staircase to the Slime Pits.
 16140 | D:4      | Killed brilapsti's ghost
 16235 | D:3      | Bought a potion of heal wounds for 65 gold pieces
 16235 | D:3      | Bought a potion of cancellation for 104 gold pieces
 17044 | D:11     | Acquired 792 gold pieces
 17123 | D:11     | Identified the +10 mace of Eternal Harmony {pain, rC- Will+
                  | Str+4 SInv}
 17196 | D:12     | Found a stormy altar of Qazlal.
 17276 | D:12     | Found Noidoangaf's Jewellery Shoppe.
 17299 | D:12     | Reached ****** piety under the Shining One
 17326 | D:12     | Found Eduutz's Antique Armour Shoppe.
 17540 | D:12     | Noticed Nessos
 17549 | D:12     | Killed Nessos
 17619 | D:12     | Found Asafyet's General Store.
 17627 | D:12     | Bought a +2 helmet of intelligence for 322 gold pieces
 17627 | D:12     | Bought a scroll of blinking for 112 gold pieces
 17960 | Orc:1    | Entered Level 1 of the Orcish Mines
 18234 | Orc:1    | Noticed Fannar
 18249 | Orc:1    | Killed Fannar
 18590 | Orc:2    | Entered Level 2 of the Orcish Mines
 18612 | Orc:2    | Found a staircase to the Elven Halls.
 18640 | Orc:2    | Found Qunaicuz's Book Shoppe.
 18723 | Orc:2    | Reached skill level 1 in Invocations
 19083 | Orc:2    | Found Hoceu's Antique Armour Shop.
 19095 | Orc:2    | Found Ceirebac's General Store.
 19117 | Orc:2    | Bought a scroll of enchant weapon for 90 gold pieces
 19201 | Orc:2    | Found Dirui's Antique Weapon Emporium.
 19669 | D:13     | Found a portal to a secret trove of treasure.
 19743 | D:13     | Identified the +1 robe of Birdsong {Int+2 Slay+3}
 19960 | D:13     | Reached skill level 5 in Invocations
 20664 | D:14     | Identified the +5 dagger "Qepup" {antimagic, rElec Str+2
                  | Dex-2}
 20873 | D:14     | Reached XP level 16. HP: 129/134 MP: 21/21
 20984 | D:14     | Found a gate to the Vaults.
 21077 | D:15     | Entered Level 15 of the Dungeon
 21091 | D:15     | Noticed Louise
 21112 | D:15     | Killed Louise
 21310 | D:15     | Found a shimmering altar of Xom.
 21460 | D:15     | Found a staircase to the Depths.
 21503 | D:15     | Reached skill level 10 in Invocations
 22164 | Elf:1    | Entered Level 1 of the Elven Halls
 22358 | Elf:1    | Paralysed by an air elemental for 1 turns
 22405 | Elf:1    | Paralysed by an air elemental for 1 turns
 22410 | Elf:1    | Paralysed by an air elemental for 1 turns
 22415 | Elf:1    | Paralysed by an air elemental for 1 turns
 22669 | Elf:1    | Got the Octavo of Congregated Assaults
 23682 | Elf:2    | Reached XP level 17. HP: 99/140 MP: 18/27
 24303 | Elf:2    | Found a runed translucent gate.
 24303 | Elf:2    | Found a runed translucent gate.
 24305 | Elf:2    | Found a runed translucent gate.
 24306 | Elf:2    | Noticed a deep elf blademaster
 24323 | Elf:2    | Reached skill level 15 in Invocations
 25044 | Elf:2    | Killed a deep elf blademaster
 25603 | Elf:3    | Entered Level 3 of the Elven Halls
 25630 | Elf:3    | Found Zothet's Tiny Tomes.
 25673 | Elf:3    | Found Minku's Armour Shop.
 25731 | Elf:3    | Found Eriry's Magic Scroll Shop.
 25736 | Elf:3    | Bought a scroll of teleportation for 45 gold pieces
 25736 | Elf:3    | Bought 2 scrolls of teleportation for 90 gold pieces
 25736 | Elf:3    | Bought a scroll of revelation for 112 gold pieces
 25807 | Elf:3    | Found Qehosto's Antique Weapon Shop.
 25845 | Elf:3    | Found Tiudwapp's Antique Weapon Emporium.
 26180 | Elf:3    | Found a runed translucent door.
 26418 | Elf:3    | Reached skill level 15 in Armour
 26420 | Elf:3    | Noticed a deep elf blademaster
 26433 | Elf:3    | Noticed a deep elf blademaster
 26439 | Elf:3    | Killed a deep elf blademaster
 26462 | Elf:3    | Killed a deep elf blademaster
 26488 | Elf:3    | Noticed a deep elf blademaster
 26509 | Elf:3    | Killed a deep elf blademaster
 26631 | Elf:3    | Reached XP level 18. HP: 109/147 MP: 24/29
 26656 | Abyss:3  | Cast into level 3 of the Abyss (a deep elf demonologist)
 26663 | Abyss:3  | Found a corrupted altar of Lugonu.
 26702 | Abyss:3  | Noticed a lich
 26720 | Abyss:3  | Killed a lich
 26725 | Abyss:3  | Found a corrupted altar of Lugonu.
 27043 | Elf:3    | Escaped the Abyss
 27353 | Abyss:3  | Cast into level 3 of the Abyss (a deep elf demonologist)
 27496 | Abyss:3  | Noticed a bone dragon
 27526 | Abyss:3  | Killed a bone dragon
 27555 | Elf:3    | Escaped the Abyss
 27975 | Elf:3    | Found the ring of the Hare {EV+10}
 28007 | Elf:3    | Identified the +2 dagger "Leduraq" {elec, rElec Dex+3}
 28023 | Elf:3    | Identified the serpent talisman of Ametutaf {rElec}
 28035 | Elf:3    | Identified the +1 plate armour "Ikhicyadu" {rN+ rCorr}
 28070 | Elf:3    | Found the +5 Lochaber axe {reach-cleave, Poleaxe ^Drain}
 28170 | Elf:3    | Identified the +1 battleaxe of Fojyuck {flame, rPois rCorr
                  | Int+3}
 28178 | Elf:3    | Identified the +1 trident of Gomuemoc {protect, Fly rPois
                  | Will-}
 28191 | Elf:3    | Identified the +4 chain mail of Gravity {Rampage}
 28484 | Depths:1 | Entered Level 1 of the Depths
 28485 | Depths:1 | Paralysed by a vampire knight for 3 turns
 29033 | Depths:1 | Found Fiowuimy's Magic Scroll Boutique.
 29043 | Depths:1 | Bought a scroll of blinking for 135 gold pieces
 29043 | Depths:1 | Bought a scroll of blinking for 135 gold pieces
 29043 | Depths:1 | Bought a scroll of fog for 72 gold pieces
 29043 | Depths:1 | Bought a scroll of revelation for 135 gold pieces
 29043 | Depths:1 | Bought a scroll of revelation for 135 gold pieces
 29058 | Depths:1 | Found Ryseam Unu's Distillery.
 29068 | Depths:1 | Bought a potion of heal wounds for 80 gold pieces
 29068 | Depths:1 | Bought a potion of haste for 160 gold pieces
 29068 | Depths:1 | Bought 2 potions of haste for 320 gold pieces
 29226 | Depths:1 | Found a hide-covered altar of Uskayaw.
 29420 | Depths:1 | Found a gateway to Hell.
 29453 | Depths:1 | Found a sparkling altar of Nemelex Xobeh.
 29796 | Depths:2 | Noticed the Enchantress
 29797 | Depths:2 | Reached XP level 19. HP: 154/154 MP: 30/30
 29838 | Depths:2 | Killed the Enchantress
 30050 | Depths:2 | Found a shadowy altar of Dithmenos.
 30050 | Depths:2 | Noticed a Tzitzimitl
 30309 | Depths:1 | Killed a Tzitzimitl
 30486 | Depths:2 | Found a shimmering blue altar of Sif Muna.
 30633 | Depths:2 | Found a one-way gate leading to the halls of Pandemonium.
 30830 | Depths:2 | Reached skill level 15 in Shields
 31045 | Depths:2 | Found Keewkiwu's Distillery.
 31052 | Depths:2 | Bought a potion of heal wounds for 95 gold pieces
 31052 | Depths:2 | Bought a potion of might for 76 gold pieces
 31052 | Depths:2 | Bought a potion of might for 76 gold pieces
 31867 | Depths:3 | Found a one-way gate to the infinite horrors of the Abyss.
 32239 | Depths:3 | Found a one-way gateway to a ziggurat.
 32590 | Depths:3 | Noticed a caustic shrike
 32607 | Depths:3 | Killed a caustic shrike
 32637 | Depths:3 | Reached XP level 20. HP: 161/161 MP: 31/31
 32789 | Depths:3 | Noticed a caustic shrike
 32814 | Depths:3 | Killed a caustic shrike
 33093 | Depths:4 | Entered Level 4 of the Depths
 33899 | Depths:4 | Found a gate to the Realm of Zot.
 34323 | Depths:4 | Found a corrupted altar of Lugonu.
 34656 | Vaults:1 | Entered Level 1 of the Vaults
 34724 | Vaults:1 | You fall into a shaft and drop 1 floor!
 34728 | Vaults:2 | Noticed Asterion
 34741 | Vaults:2 | Killed Asterion
 34959 | Vaults:2 | Noticed Norris
 34976 | Vaults:2 | Killed Norris
 35085 | Vaults:1 | Reached skill level 15 in Fighting
 35115 | Vaults:1 | Reached XP level 21. HP: 184/184 MP: 32/32
 35458 | Vaults:1 | Identified the +1 orcbow of Hatred {drain, *Slow rC- rCorr
                  | Str+10}
 36031 | Vaults:2 | Found a staircase to the Crypt.
 36261 | Vaults:2 | Acquired 922 gold pieces
 36263 | Vaults:2 | Acquired 1016 gold pieces
 36446 | Vaults:2 | Identified a +7 broad axe of holy wrath (a +5 broad axe of
                  | electrocution blessed by the Shining One)
 36446 | Vaults:2 | Received a gift from the Shining One
 36640 | Vaults:3 | Found a runed translucent gate.
 36640 | Vaults:3 | Found a runed translucent gate.
 36640 | Vaults:3 | Found a runed translucent gate.
 36641 | Vaults:3 | Noticed ironsdan's ghost (adept MiFi)
 36641 | Vaults:3 | Noticed Xafer's ghost (adept DsGl)
 36940 | Vaults:3 | Noticed Mennas
 37041 | Vaults:3 | Killed Mennas
 37278 | Vaults:3 | Identified the +0 scimitar of Incongruity {holy, Int+2}
 37418 | Vaults:3 | Identified the +6 hand axe "Taelya" {flame, SInv Stlth+}
 37464 | Vaults:3 | Reached XP level 22. HP: 192/192 MP: 35/35
 37831 | Vaults:3 | Killed Xafer's ghost
 37850 | Vaults:3 | Killed ironsdan's ghost
 37925 | Vaults:4 | Found Etwaru's Jewellery Emporium.
 38068 | Vaults:4 | Found Beonor's Magic Scroll Emporium.
 38076 | Vaults:4 | Found Ucadiguq's Antique Armour Boutique.
 38110 | Vaults:4 | Bought a scroll of fear for 56 gold pieces
 38110 | Vaults:4 | Bought a scroll of teleportation for 42 gold pieces
 38126 | Vaults:4 | Found Umod's Assorted Antiques.
 38131 | Vaults:4 | Bought a bubbling brown potion for 26 gold pieces
 38137 | Vaults:4 | Found Roboacal's Antique Armour Shop.
 39009 | Crypt:1  | Entered Level 1 of the Crypt
 39213 | Crypt:1  | Acquired 911 gold pieces
 39676 | Crypt:2  | Noticed Xtahua
 39685 | Crypt:2  | Paralysed by Xtahua for 3 turns
 39689 | Crypt:2  | Killed Xtahua
 40001 | Crypt:2  | Reached XP level 23. HP: 199/199 MP: 38/38
 40247 | Crypt:3  | Entered Level 3 of the Crypt
 40688 | Crypt:3  | Found a basalt altar of Yredelemnul.
 40688 | Crypt:3  | Noticed a dread lich
 40693 | Crypt:3  | Killed a dread lich
 40712 | Crypt:3  | Got an ivory gem with 198 turns to spare
 40726 | Crypt:3  | Found the +7 sceptre of Torment {pain, torment}
 40730 | Crypt:3  | Identified the +2 pair of boots of Ojuevacw {^Contam rPois
                  | Regen+}
 40733 | Crypt:3  | Identified the +8 short sword "Beastbane" {flame, rN+}
 40962 | Crypt:3  | Found a staircase to the Tomb.
 40989 | Tomb:1   | Entered Level 1 of the Tomb of the Ancients
 41460 | Tomb:1   | Noticed a royal mummy
 41472 | Tomb:1   | Killed a royal mummy
 41796 | Tomb:2   | Noticed a royal mummy
 41796 | Tomb:2   | Noticed a royal mummy
 41809 | Tomb:2   | Noticed a royal mummy
 41809 | Tomb:2   | Noticed a royal mummy
 41856 | Tomb:2   | Killed a royal mummy
 42179 | Tomb:2   | Killed a royal mummy
 42251 | Tomb:2   | Killed a royal mummy
 42267 | Tomb:2   | Killed a royal mummy
 42438 | Tomb:1   | Noticed a royal mummy
 42448 | Tomb:1   | Killed a royal mummy
 42462 | Tomb:1   | Noticed a royal mummy
 42477 | Tomb:1   | Killed a royal mummy
 42477 | Tomb:1   | Noticed a royal mummy
 42478 | Tomb:1   | Reached XP level 24. HP: 143/214 MP: 30/39
 42480 | Tomb:1   | Noticed a royal mummy
 42484 | Tomb:1   | Killed a royal mummy
 42489 | Tomb:1   | Killed a royal mummy
 42590 | Tomb:1   | Noticed a royal mummy
 42608 | Tomb:1   | Killed a royal mummy
 42774 | Tomb:1   | Noticed a royal mummy
 42775 | Tomb:1   | Paralysed by a Zot trap for 2 turns
 42787 | Tomb:1   | Killed a royal mummy
 42830 | Tomb:1   | Noticed a royal mummy
 42840 | Tomb:1   | Killed a royal mummy
 42856 | Tomb:1   | Noticed a royal mummy
 42860 | Tomb:1   | Noticed a royal mummy
 42864 | Tomb:1   | Killed a royal mummy
 42874 | Tomb:1   | Killed a royal mummy
 42927 | Tomb:1   | Noticed a royal mummy
 42938 | Tomb:1   | Killed a royal mummy
 43280 | Tomb:1   | Noticed a royal mummy
 43420 | Tomb:1   | Killed a royal mummy
 43548 | Tomb:1   | Noticed a royal mummy
 43562 | Tomb:1   | Killed a royal mummy
 43562 | Tomb:1   | Noticed a royal mummy
 43583 | Tomb:1   | Killed a royal mummy
 43798 | Tomb:1   | Noticed a royal mummy
 43820 | Tomb:1   | Noticed a royal mummy
 43828 | Tomb:1   | Killed a royal mummy
 43836 | Tomb:1   | Killed a royal mummy
 43965 | Tomb:2   | Paralysed by a Zot trap for 2 turns
 44345 | Tomb:3   | Entered Level 3 of the Tomb of the Ancients
 44391 | Tomb:3   | Found the dreamshard necklace {Acrobat *Dream}
 44391 | Tomb:3   | Found the +6 lightning scales {swift, rElec}
 44411 | Tomb:3   | Noticed a royal mummy
 44694 | Tomb:3   | Noticed a royal mummy
 44695 | Tomb:3   | Noticed a royal mummy
 44695 | Tomb:3   | Noticed a royal mummy
 44697 | Tomb:3   | Noticed a royal mummy
 44698 | Tomb:3   | Noticed a royal mummy
 44698 | Tomb:3   | Noticed a royal mummy
 44711 | Tomb:3   | Gained mutation: You are occasionally teleported next to
                  | monsters. [mutagenic glow]
 44716 | Tomb:3   | Killed a royal mummy
 44720 | Tomb:3   | Gained mutation: You do not regenerate when monsters are
                  | visible. [mutagenic glow]
 44770 | Tomb:2   | Gained mutation: You are vulnerable to cold. (rC-)
                  | [mutagenic glow]
 44827 | Tomb:2   | Lost mutation: You are vulnerable to cold. (rC-) [potion of
                  | mutation]
 44827 | Tomb:2   | Lost mutation: You do not regenerate when monsters are
                  | visible. [potion of mutation]
 44827 | Tomb:2   | Lost mutation: You are occasionally teleported next to
                  | monsters. [potion of mutation]
 44827 | Tomb:2   | Gained mutation: You are partially covered in iridescent
                  | scales. (AC +2) [potion of mutation]
 44827 | Tomb:2   | Gained mutation: Your system is resistant to poisons.
                  | (rPois) [potion of mutation]
 44827 | Tomb:2   | Gained mutation: You have large cloven feet. [potion of
                  | mutation]
 44827 | Tomb:2   | Gained mutation: You are resistant to electric shocks.
                  | (rElec) [potion of mutation]
 45205 | Tomb:3   | Noticed a royal mummy
 45207 | Tomb:3   | Noticed a royal mummy
 45233 | Tomb:3   | Got a golden rune of Zot
 45274 | Tomb:2   | Killed a royal mummy
 45855 | Vaults:5 | Entered Level 5 of the Vaults
 46512 | Vaults:5 | Reached XP level 25. HP: 213/231 MP: 39/39
 46575 | Vaults:5 | Got a silver rune of Zot
 46619 | Vaults:5 | Noticed Boris
 46636 | Vaults:5 | Killed Boris
 46776 | Vaults:5 | Identified the orb "Neramuif" {light, rPois rC+++ Str-4
                  | Dex-4}
 46776 | Vaults:5 | Noticed Frederick
 46811 | Vaults:5 | Killed Frederick
 46862 | Vaults:5 | Noticed a dread lich
 46872 | Vaults:5 | Killed a dread lich
 46946 | Vaults:5 | Noticed Margery
 46963 | Vaults:5 | Killed Margery
 47144 | Vaults:5 | Reached skill level 27 in Invocations
 47370 | Vaults:5 | Acquired 611 gold pieces
 47708 | Vaults:5 | Identified the staff "Plog" {rPois rCorr Alchemy}
 48179 | Snake:1  | Entered Level 1 of the Snake Pit
 48704 | Snake:2  | Found a large runed translucent door.
 48704 | Snake:2  | Found a large runed translucent door.
 48768 | Snake:2  | Found Faczomme's Jewellery Shoppe.
 49237 | Snake:2  | Found Ceaqeseg's Jewellery Shop.
 49237 | Snake:2  | Found Weodih's Book Shoppe.
 49238 | Snake:2  | Found Fanir's Jewellery Shop.
 49392 | Snake:2  | Noticed asd2613's ghost (journeyman DEEn)
 49404 | Snake:2  | Killed asd2613's ghost
 49486 | Snake:3  | Found a glacial archway.
 49502 | IceCv    | Entered an ice cave
 50125 | Snake:3  | Reached XP level 26. HP: 239/239 MP: 40/40
 50578 | Snake:3  | Identified the +1 great sword of Binoucw {speed, rC+ Dex+4}
 50747 | Snake:4  | Entered Level 4 of the Snake Pit
 51180 | Snake:4  | Got a jade gem with 13 turns to spare
 51182 | Snake:4  | Got a serpentine rune of Zot
 51412 | Swamp:1  | Entered Level 1 of the Swamp
 51575 | Swamp:4  | Entered Level 4 of the Swamp
 51688 | Swamp:4  | Noticed Bai Suzhen
 51708 | Swamp:4  | Killed Bai Suzhen
 51850 | Swamp:4  | Noticed Mara
 51854 | Swamp:4  | Noticed SnakkuSnakku7's illusion
 51869 | Swamp:4  | Killed Mara
 51909 | Swamp:4  | Got a mossy gem with 1351 turns to spare
 51911 | Swamp:4  | Got a decaying rune of Zot
 52220 | Slime:1  | Entered Level 1 of the Pits of Slime
 52297 | Slime:2  | Reached skill level 27 in Armour
 52454 | Slime:5  | Entered Level 5 of the Pits of Slime
 52579 | Slime:5  | Noticed the Royal Jelly
 52595 | Slime:5  | Killed the Royal Jelly
 52654 | Slime:5  | Got the Almanac of Brilliant Distance
 52677 | Slime:5  | Got the Vellum of the Gusty Swarm
 52702 | Slime:5  | Acquired the +8 mithril axe "Arga" {speed, Will+}
 52702 | Slime:5  | Found the +8 mithril axe "Arga" {speed, Will+}
 52755 | Slime:5  | Got a starry gem with 137 turns to spare
 52757 | Slime:5  | Got a slimy rune of Zot
 52758 | Slime:5  | Identified the +5 shortbow of Karma {freeze, rElec rF+
                  | rCorr Str+2}
 52771 | Slime:5  | Got Sif Muna's Secrets of the Nimbus
 53107 | Hell     | Entered the Vestibule of Hell
 53107 | Hell     | Noticed Geryon
 53125 | Hell     | Reached XP level 27. HP: 193/250 MP: 34/40
 53130 | Hell     | Killed Geryon
 53257 | Hell     | Found a gateway to the freezing wastes of Cocytus.
 53411 | Hell     | Found a gateway to the decaying netherworld of Tartarus.
 53561 | Hell     | Found a gateway to the ashen valley of Gehenna.
 53610 | Hell     | Found a gateway to the Iron City of Dis.
 53707 | Geh:1    | Entered Level 1 of Gehenna
 54319 | Geh:7    | Entered Level 7 of Gehenna
 54583 | Geh:7    | Identified the ring "Ucytsi Afu" {Ice *Slow rPois Str-5
                  | Int+6}
 54769 | Geh:7    | Found the +3 greatsling "Punk" {acid, rCorr}
 54876 | Geh:7    | Found the +13 sceptre of Asmodeus
 54876 | Geh:7    | Noticed Asmodeus
 55257 | Geh:7    | Identified the amulet "Roim" {RegenMP Will+ Str+3 Stlth+}
 55422 | Geh:7    | Killed Asmodeus
 55437 | Geh:7    | Identified the ring "Hownoniru" {Fly rPois rC+ Str+5 Int-3}
 55449 | Geh:7    | Got an obsidian rune of Zot
 55454 | Geh:7    | Identified the +0 scimitar of the Glimmering Spider {pain,
                  | *Slow Dex+8 Stlth+}
 55704 | Tar:1    | Entered Level 1 of Tartarus
 57370 | Tar:7    | Entered Level 7 of Tartarus
 57557 | Tar:7    | Reached skill level 27 in Fighting
 57905 | Tar:7    | Noticed a dread lich
 57914 | Tar:7    | Killed a dread lich
 57924 | Tar:7    | Noticed a dread lich
 57930 | Tar:7    | Killed a dread lich
 57942 | Tar:7    | Found the ring of the Octopus King
 57944 | Tar:7    | Identified the ring of Udecamme {rF+ Str+3}
 57967 | Tar:7    | Identified a ring of the Octopus King {HP+2 MP+9 AC+2 EV+2
                  | SH+2}
 57976 | Tar:7    | Identified the +2 quarterstaff of Yredelemnul's Approval
                  | {protect, rElec rF+ Will+ Dex+4}
 57994 | Tar:7    | Identified the ring "Tedgh" {rC++ Will+ Str+6 Int-5 Dex-4}
 58036 | Tar:7    | Noticed the Serpent of Hell
 58058 | Tar:7    | Killed the Serpent of Hell
 58063 | Tar:7    | Noticed a dread lich
 58073 | Tar:7    | Killed a dread lich
 58074 | Tar:7    | Reached skill level 5 in Dodging
 59103 | Tar:7    | Noticed Ereshkigal
 59110 | Tar:7    | Paralysed by Ereshkigal for 2 turns
 59119 | Tar:7    | Killed Ereshkigal
 59152 | Tar:7    | Got a bone rune of Zot
 59430 | Coc:1    | Entered Level 1 of Cocytus
 59446 | Coc:1    | Paralysed by a wendigo for 1 turns
 59530 | Coc:2    | Paralysed by a wendigo for 1 turns
 59911 | Coc:5    | Reached skill level 10 in Dodging
 60064 | Coc:7    | Entered Level 7 of Cocytus
 60115 | Coc:7    | Paralysed by a wendigo for 1 turns
 60116 | Coc:7    | Noticed an ancient lich
 60146 | Coc:7    | Killed an ancient lich
 60180 | Coc:7    | Paralysed by a wendigo for 1 turns
 60191 | Coc:7    | Paralysed by a wendigo for 1 turns
 60195 | Coc:7    | Paralysed by a wendigo for 1 turns
 60251 | Coc:7    | Paralysed by a wendigo for 1 turns
 60258 | Coc:7    | Paralysed by a wendigo for 1 turns
 60260 | Coc:7    | Noticed a dread lich
 60274 | Coc:7    | Killed a dread lich
 60855 | Coc:7    | Identified the ring "Rihob" {+Blink Will+ Int+3 Slay+3}
 60903 | Coc:7    | Identified the +9 long sword "Ojubul" {freeze, Will- Str+3
                  | Stlth+}
 60903 | Coc:7    | Noticed Antaeus
 60918 | Coc:7    | Killed Antaeus
 60960 | Coc:7    | Got an icy rune of Zot
 61072 | Dis:1    | Entered Level 1 of the Iron City of Dis
 61081 | Dis:1    | Noticed a dread lich
 61103 | Dis:1    | Killed a dread lich
 61838 | Dis:4    | You fall into a shaft and drop 2 floors!
 62201 | Dis:7    | Entered Level 7 of the Iron City of Dis
 62818 | Dis:7    | Noticed a juggernaut
 62854 | Dis:7    | Killed a juggernaut
 63315 | Dis:7    | Noticed a juggernaut
 63339 | Dis:7    | Killed a juggernaut
 63348 | Dis:7    | Noticed Dispater
 63380 | Dis:7    | Killed Dispater
 63437 | Dis:7    | Got an iron rune of Zot
 63695 | Pan      | Entered Pandemonium
 63779 | Pan      | Reached skill level 27 in Shields
 63781 | Pan      | Reached skill level 1 in Evocations
 64080 | Pan      | Noticed Upnoaschi the pandemonium lord
 64091 | Pan      | Killed Upnoaschi the pandemonium lord
 64098 | Pan      | Reached skill level 5 in Evocations
 64150 | Pan      | Entered the realm of Mnoleg.
 64150 | Pan      | Noticed Mnoleg
 64151 | Pan      | Gained mutation: You are weak. (Str -2) [a neqoxec]
 64161 | Pan      | Killed Mnoleg
 64170 | Pan      | Gained mutation: Your body sometimes deteriorates upon
                  | taking damage. [a cacodemon]
 64173 | Pan      | Gained mutation: You passively dampen the noise of your
                  | surroundings. [a cacodemon]
 64174 | Pan      | Gained mutation: You are dopey. (Int -2) [a cacodemon]
 64342 | Pan      | Gained mutation: You sometimes lose your temper in combat.
                  | [a neqoxec]
 64479 | Pan      | Got a glowing rune of Zot
 64569 | Pan      | Found an exit through the horrors of the Abyss.
 65063 | Pan      | Found an exit through the horrors of the Abyss.
 65076 | Pan      | Found a transporter.
 65076 | Pan      | Found a transporter.
 65204 | Pan      | Entered the realm of Cerebov.
 65536 | Pan      | Reached skill level 10 in Evocations
 65656 | Pan      | Found the +6 sword of Cerebov {flame}
 65656 | Pan      | Noticed Cerebov
 65667 | Pan      | Identified the +3 lajatang "Sout" {freeze, Str+4 Dex+2}
 65667 | Pan      | Identified the ring "Liemp" {Will+ Int+6 Dex+5}
 65691 | Pan      | Killed Cerebov
 65793 | Pan      | Identified the ring "Omirobbe" {Ice Str+2 Int+4 Dex+2}
 65833 | Pan      | Got a fiery rune of Zot
 66083 | Pan      | Found an exit through the horrors of the Abyss.
 66163 | Pan      | Noticed Xilukh the pandemonium lord
 66194 | Pan      | Lost mutation: You are dopey. (Int -2) [mutagenic glow]
 66215 | Pan      | Gained mutation: You are strong-willed. (Will+) [mutagenic
                  | glow]
 66308 | Pan      | Killed Xilukh the pandemonium lord
 66349 | Pan      | Got a demonic rune of Zot
 66480 | Pan      | Found a runed translucent door.
 66505 | Pan      | Reached skill level 15 in Evocations
 66579 | Pan      | Noticed Arosuif the pandemonium lord
 66598 | Pan      | Killed Arosuif the pandemonium lord
 66891 | Pan      | Gained mutation: You are dopey. (Int -2) [a neqoxec]
 66899 | Pan      | Lost mutation: You are dopey. (Int -2) [potion of mutation]
 66899 | Pan      | Lost mutation: You are weak. (Str -2) [potion of mutation]
 66899 | Pan      | Lost mutation: Your system is resistant to poisons. (rPois)
                  | [potion of mutation]
 66899 | Pan      | Gained mutation: You are frail. (-10% HP) [potion of
                  | mutation]
 66899 | Pan      | Gained mutation: Your spells are a little harder to cast,
                  | but a little more powerful. [potion of mutation]
 66900 | Pan      | Lost mutation: You are frail. (-10% HP) [potion of
                  | mutation]
 66900 | Pan      | Lost mutation: You are resistant to electric shocks.
                  | (rElec) [potion of mutation]
 66900 | Pan      | Gained mutation: Your mind is acute. (Int +4, Str/Dex -1)
                  | [potion of mutation]
 66901 | Pan      | Lost mutation: You passively dampen the noise of your
                  | surroundings. [potion of mutation]
 66901 | Pan      | Lost mutation: You are strong-willed. (Will+) [potion of
                  | mutation]
 66901 | Pan      | Lost mutation: You sometimes lose your temper in combat.
                  | [potion of mutation]
 66901 | Pan      | Lost mutation: You are partially covered in iridescent
                  | scales. (AC +2) [potion of mutation]
 67012 | Pan      | Found an exit through the horrors of the Abyss.
 67183 | Pan      | Found an exit through the horrors of the Abyss.
 67261 | Pan      | Gained mutation: You are strong-willed. (Will+) [a
                  | cacodemon]
 67262 | Pan      | Gained mutation: Potions are less effective at restoring
                  | your health. [a cacodemon]
 67387 | Pan      | Entered the realm of Gloorx Vloq.
 67426 | Pan      | Identified the +1 cloak of the Hippo {rPois rC+ Dex-4}
 67578 | Pan      | Found an exit through the horrors of the Abyss.
 68007 | Pan      | Noticed Gloorx Vloq
 68174 | Pan      | Got a dark rune of Zot
 68217 | Pan      | Killed Gloorx Vloq
 68290 | Pan      | Gained mutation: Your magical capacity is low. (-10% MP) [a
                  | cacodemon]
 68392 | Pan      | Noticed Veaqum the pandemonium lord
 68420 | Pan      | Killed Veaqum the pandemonium lord
 68432 | Pan      | Identified the ring of Pride {Fire Dex+3}
 68453 | Pan      | Found an exit through the horrors of the Abyss.
 68541 | Pan      | Entered the realm of Lom Lobon.
 68919 | Pan      | Noticed Lom Lobon
 69461 | Pan      | Killed Lom Lobon
 69486 | Pan      | Got a magical rune of Zot
 69670 | Depths:2 | Escaped Pandemonium
 69720 | Depths:3 | Voluntarily entered the Abyss.
 69720 | Abyss:3  | Found a corrupted altar of Lugonu.
 69725 | Abyss:3  | Noticed an ancient lich
 69733 | Abyss:3  | Killed an ancient lich
 69775 | Abyss:4  | Found a corrupted altar of Lugonu.
 69775 | Abyss:4  | Found a corrupted altar of Lugonu.
 69775 | Abyss:4  | Found a corrupted altar of Lugonu.
 69880 | Abyss:5  | Paralysed by accursed screaming for 1 turns
 69892 | Abyss:5  | Paralysed by accursed screaming for 1 turns
 69958 | Abyss:5  | Acquired a manual of Dodging
 70035 | Abyss:5  | Paralysed by accursed screaming for 1 turns
 70058 | Depths:3 | Escaped the Abyss
 70226 | Depths:3 | Voluntarily entered the Abyss.
 70304 | Abyss:5  | Found a corrupted altar of Lugonu.
 70340 | Abyss:5  | Got an abyssal rune of Zot
 70377 | Depths:3 | Escaped the Abyss
 70425 | Zot:1    | Entered Level 1 of the Realm of Zot
 70561 | Zot:1    | Noticed an orb of fire
 70588 | Zot:1    | Killed an orb of fire
 70611 | Zot:1    | Noticed an orb of fire
 70635 | Zot:1    | Killed an orb of fire
 70830 | Zot:4    | Found the +4 dragonskin cloak
 70830 | Zot:4    | Noticed Tiamat
 70831 | Zot:4    | Found Nafos's CLEARANCE SALE!.
 70914 | Zot:4    | Killed Tiamat
 70915 | Zot:4    | Reached skill level 15 in Dodging
 71006 | Zot:4    | Bought a scroll of teleportation for 9 gold pieces
 71006 | Zot:4    | Bought a scroll of teleportation for 9 gold pieces
 71143 | Zot:5    | Entered Level 5 of the Realm of Zot
 71256 | Zot:5    | Got a prismatic gem with 447 turns to spare
 71331 | Zot:5    | Noticed an orb of fire
 71335 | Zot:5    | Noticed an orb of fire
 71335 | Zot:5    | Gained mutation: You are weak. (Str -2) [an orb of fire]
 71345 | Zot:5    | Got the Orb of Zot
 71350 | Zot:5    | Noticed an orb of fire
 71366 | Zot:5    | Gained mutation: You are vulnerable to heat. (rF-) [an orb
                  | of fire]
 71375 | Zot:5    | Gained mutation: Your body often deteriorates upon taking
                  | damage. [an orb of fire]
 71480 | Zot:2    | Noticed Goyn the pandemonium lord
 71775 | D:12     | Noticed Peut the pandemonium lord
 71805 | D:11     | Noticed a seraph
 71926 | D:7      | Lost mutation: You have large cloven feet. [a cacodemon]
 72058 | D:$      | Escaped with the Orb!

Illustrated notes

Levels and vault maps discovered:
D:1:      dpeg_arrival_snail, layout_loops_ring
D:2:      layout_basic, basic_altar, shapermc_ecumenical_altar_mp_ritualfount,
          uniq_jessica
D:3:      layout_loops_ring, nicolae_sif_muna_condensation,
          nicolae_overflow_hidden_temple, serial_shops, shop,
          nicolae_shop_getting_attention, nicolae_shop_mannequins, shop,
          minivault_25, kennysheep_crisscross
D:4:      layout_rooms, mainiacjoe_overflow_brackets, gammafunk_ghost_smash
D:5:      layout_loops_ring, mainiacjoe_overflow_alcove_2, lemuel_crystal_altar
D:6:      layout_cave_pools
D:7:      layout_basic, overflow_temple_1_default, temple_fountains,
          lightli_church_of_beogh
D:8:      layout_cave_pods, grunt_decor_one_mirror
D:9:      minmay_the_grid_octo_tiled_octocenter [minmay_the_grid_octo_focus,
          minmay_the_grid_octo_shrine, minmay_the_grid_octo_vomiting_pacman,
          minmay_the_grid_octo_clover,
          minmay_the_grid_octo_prize_square_snowflake,
          minmay_the_grid_square_5x5_two_small,
          minmay_the_grid_square_5x5_eight, minmay_the_grid_square_5x5_empty,
          minmay_the_grid_square_5x5_minimal], layout_long_grid, enter_bailey_5,
          serial_shops, kennysheep_mini, minmay_ruffians, uniq_psyche
D:10:     layout_roguey, minitemple, mainiacjoe_overflow_catwalk_spiral,
          minmay_lair_entry_grove, orc_0_dummy
D:11:     layout_loops_cross, amethyst_killhole, nicolae_have_a_lightning_rod
D:12:     layout_irregular_city, serial_shops, shop_statue,
          nicolae_diamond_shop, nicolae_shop_tiny_statue_garden,
          nicolae_qazlal_eye_of_the_storm, uniq_nessos
D:13:     layout_basic, nicolae_trove_entry_isolated
D:14:     layout_cave_pools, erik_vaults_1, dk_noncrumbling_2
D:15:     hellmonk_depths_entry_around_the_bend, layout_rooms,
          regret_index_xom_buried_treasure, minmay_variable_closet, uniq_louise
Lair:1:   layout_regular_city, gauntlet_entry_generic, uniq_gastronok,
          uniq_amaemon
Lair:2:   layout_big_grid, alex1729_snake_entry_snake,
          infiniplex_staircase_pool, serial_bayou_shore_b, lemuel_fruit_tree,
          uniq_harold
Lair:3:   layout_regular_city, minmay_swamp_entry_worms, serial_bayou_shore_b
Lair:4:   layout_hall_layers, slime_entry_1
Lair:5:   wormcave, layout_layer_cave, hangedman_lair_tendril_chambers,
          lemuel_centaur_altar, uniq_kirke
Swamp:1:  layout_falls_marsh, evilmike_swamp_ruin_house_2,
          nicolae_swamp_round_clearing
Swamp:2:  layout_falls_marsh, nicolae_swamp_dense_foliage
Swamp:3:  layout_basic_swamp, evilmike_swamp_ruin_house_5, swamp_pool_1_2,
          nicolae_swamp_alligator_family
Swamp:4:  swamp_vile, layout_basic_swamp, uniq_bai_suzhen, uniq_mara
Snake:1:  layout_rooms
Snake:2:  layout_misc_corridors, ebering_ghost_disaster_area, serial_shops,
          shop, grunt_megastairs_1, minmay_shop_grove
Snake:3:  layout_onion, portal_ice_cave_entry_ice_statue_two
Snake:4:  grunt_snake_rune_spirals, layout_onion, nicolae_snake_boneroom
Slime:1:  layout_caves, special_room [special_room_jelly]
Slime:2:  layout_caves, nicolae_slime_phagocytosis, uniq_dissolution
Slime:3:  layout_caves
Slime:4:  layout_caves
Slime:5:  slime_pit_nicolae_jellycorners
Orc:1:    orc_temple, layout_caves, uniq_fannar
Orc:2:    grunt_orc_gardens, layout_caves, grunt_orc_garden, grunt_orc_garden,
          grunt_orc_garden, grunt_orc_garden, basic_altar
Elf:1:    elf_arrival_001, layout_gridlike, minivault_28
Elf:2:    nicolae_elf_blades_splatter_lattice [nicolae_blade_entry_antechamber],
          layout_loops_cross, hangedman_elf_disciples
Elf:3:    minmay_elf_hall_circle, layout_geoelf_castle, serial_shops,
          nicolae_lakefront_shop, nicolae_shop_temple_entry_statues_fountains,
          nicolae_shop_rolling_square, shop,
          nicolae_shop_i_like_small_books_too, nicolae_danse_macabre
Vaults:1: nicolae_vaults_storage_closets_3, nicolae_vaults_more_shelving_2,
          vaults_dpeg_doors, ontoclasm_vaults_tryst, v_rooms_1,
          ontoclasm_vaults_ring_large, nicolae_vaults_hallways_thing,
          nicolae_vaults_apartment_1, layout_vaults_maze_snakey
Vaults:2: nicolae_vaults_double_plus_1, vaults_mumra_hexcomb,
          vaults_dpeg_diagonal, minmay_crypt_entry_simple_statues,
          nicolae_vaults_border_crossing, nicolae_vaults_ellipses_ellipsis,
          nicolae_vaults_trapezoid_lopsided_2, nicolae_vaults_closet_pinwheel_1,
          vaults_room_door_hall, hangedman_vaults_nodes,
          nicolae_vaults_offset_grid_hallway_3, ontoclasm_vaults_misaligned,
          vaults_room_door_ring, nicolae_vaults_octothorpe,
          nicolae_vaults_house_3, layout_vaults_omnibox, uniq_norris,
          uniq_asterion
Vaults:3: gammafunk_ghost_cemetery, st_greater_box_2, v_misc_2,
          nicolae_vaults_wine_cellar, nicolae_vaults_diamond_1,
          nicolae_vaults_closet_pinwheel_1, vaults_room_grunt_arrival_ludios,
          vaults_dpeg_emergency_exit, nicolae_vaults_double_plus_1,
          nicolae_vaults_trapezoid_lopsided_3, layout_vaults_omnicross,
          uniq_mennas
Vaults:4: hangedman_vaults_river_flow, hangedman_vaults_nails,
          nicolae_vaults_trapezoid_3, nicolae_vaults_sesquioval_fish, v_rooms_3,
          nicolae_vaults_trapezoid_3, v_misc_16, vaults_dpeg_ring,
          dpeg_vaults_monster_row, layout_vaults_big_room, serial_shops,
          nicolae_shop_trees, shop, shop, nicolae_shop_gaudy_bauble,
          nicolae_diamond_shop
Vaults:5: serial_shops, uniq_boris, uniq_margery, uniq_frederick
Crypt:1:  layout_chaotic_city
Crypt:2:  layout_rooms, grunt_megastairs_3, uniq_xtahua
Crypt:3:  cryptofortress_bobbens
Tomb:1
Tomb:2
Tomb:3
Depths:1: layout_basic, hell_entry, serial_shops, shop,
          nicolae_uskayaw_murder_on_the_dancefloor, st_stairs_1,
          grunt_ministairs_1, nemelex_altar_shiori, minmay_shop_star
Depths:2: regret_index_dithmenos_brocken_genspenst, layout_honeycomb,
          serial_shops, nicolae_shop_just_a_little_nook, rand_demon_pan_entry_7,
          hell_entry, lemuel_round_altar, chequers_serial_rivers_large_b,
          uniq_enchantress
Depths:3: minmay_stepped, layout_basic, enter_ziggurat_c, abyss_entry_glasseish,
          grunt_hell_entry_dis_mu, minmay_crystal_water,
          minmay_staircase_statues_hall_small
Depths:4: grunt_zot_entry_funnels, layout_gridlike, minivault_14, serial_sigils,
          serial_sigils_hangedman_stare, serial_sigils_hangedman_etch,
          serial_sigils_hangedman_gnaw, serial_sigils_hangedman_quiver,
          serial_sigils_hangedman_scar, abyss_entry_flame_altar, hell_entry,
          chequers_serial_rivers_micro_b
Hell
Dis:1:    layout_gridville, minmay_strange_pillars
Dis:2:    layout_regular_city, nicolae_dis_emergency_hatch
Dis:3:    layout_jigsaw
Dis:4:    layout_gridville, door_vault
Dis:6:    layout_overlapping_boxes, glass_columns_b
Dis:7:    dis_hangedman
Geh:1:    layout_gehenna_pools_basic
Geh:2:    layout_gehenna_pools_box
Geh:3:    layout_gehenna_pools_triple
Geh:4:    nicolae_geh_split_lavaduct, layout_gehenna_pools_basic,
          nicolae_geh_lavax
Geh:5:    layout_gehenna_lava_caves, nicolae_geh_fiery_graves
          [nicolae_geh_single_fiery_grave, nicolae_geh_single_fiery_grave,
          nicolae_geh_single_fiery_grave, nicolae_geh_single_fiery_grave,
          nicolae_geh_single_fiery_grave, nicolae_geh_single_fiery_grave,
          nicolae_geh_single_fiery_grave, nicolae_geh_single_fiery_grave,
          nicolae_geh_single_fiery_grave]
Geh:6:    layout_gehenna_lava_caves
Geh:7:    geh_mu
Coc:1:    layout_cocytus_delve
Coc:2:    layout_cocytus_delve, nicolae_hells_seeping_fissure
Coc:3:    layout_cocytus_delve, serial_ice, serial_ice_g, serial_ice_b,
          serial_ice_n
Coc:4:    layout_ice_bergs
Coc:5:    layout_ice_bergs
Coc:6:    layout_cocytus_water_paths
Coc:7:    coc_grunt_cove [coc_grunt_cove_antaeus, coc_grunt_cove_fiend,
          coc_grunt_cove_fiend, coc_grunt_cove_fiend, coc_grunt_cove_fiend]
Tar:1:    layout_catacombs
Tar:2:    layout_catacombs
Tar:3:    layout_cathedral_of_symmetry
Tar:4:    layout_catacombs
Tar:5:    layout_grid_maze
Tar:6:    layout_cathedral_of_symmetry
Tar:7:    tar_old
Zot:1:    grunt_deathspiral_small, layout_concentric_octagons,
          nicolae_lava_and_water
Zot:2:    layout_onion_interference, ebering_ghost_disaster_area
Zot:3:    grunt_twist_and_shout, layout_concentric_octagons,
          regret_index_zotdec_slimy_original
Zot:4:    layout_misc_corridors, nicolae_shop_clearance, uniq_tiamat
Zot:5:    layout_cathedral_of_symmetry, grunt_ministairs_3, st_stairs_12,
          hangedman_feature_mirror

Skill      XL: |  1  2  3  4  5  6  7  8  9 10 11 12 13 14 15 16 17 18 19 20 21 22 23 24 25 26 27 |
---------------+----------------------------------------------------------------------------------+-----
Fighting       | 1 2 3 4 10 15 17 20 21 27 | 27.0
Axes           | 2 4 5 9 12 15 17 | 17.0
Maces & Flails | 3 7 10 | 10.7
Shields        | 2 10 12 17 18 27 | 27.0
Armour         | 8 10 16 20 23 27 | 27.0
Invocations    | 7 14 15 19 23 24 25 27 | 27.0
Dodging        | 16 | 16.9
Evocations     | 21 | 21.5
Stealth        | |  2.1
Spellcasting   | |  2.6
Conjurations   | |  0.8
Summonings     | |  0.7
Translocations | |  1.0

Action                     |  1- 3 |  4- 6 |  7- 9 | 10-12 | 13-15 | 16-18 | 19-21 | 22-24 | 25-27 || total
---------------------------+-------+-------+-------+-------+-------+-------+-------+-------+-------++-------
  Melee: Trident           |    79 |    24 |       |       |       |       |       |       |       ||   103
         Tailslap          |     5 |     7 |    39 |   139 |   253 |   263 |   398 |   523 |  1962 ||  3589
         Hand axe          |       |    67 |    26 |       |       |       |       |       |       ||    93
         Punch             |       |     1 |     1 |       |       |       |       |       |       ||     2
         Flail             |       |       |   154 |       |    30 |       |       |       |       ||   184
         Dire flail        |       |       |   125 |   332 |       |       |       |       |       ||   457
         Broad axe         |       |       |       |   274 |  1202 |  1407 |  1672 |  1704 |  6415 || 12674
         Mace              |       |       |       |       |       |    12 |       |       |       ||    12
         Kick              |       |       |       |       |       |       |       |   129 |  4051 ||  4180
  Throw: Dart              |       |       |       |     1 |       |       |       |       |       ||     1
 Invoke: Cleansing Flame   |       |       |       |       |       |       |     5 |    48 |    39 ||    92
         Brand Weapon With |       |       |       |       |       |       |     1 |       |       ||     1
         Summon Divine War |       |       |       |       |       |       |       |       |    20 ||    20
  Evoke: Wand              |       |       |    14 |    13 |     1 |     3 |     1 |       |    11 ||    43
         Sack of spiders   |       |       |       |     1 |       |       |       |       |       ||     1
         Lightning rod     |       |       |       |       |       |     4 |       |       |       ||     4
         Phial of floods   |       |       |       |       |       |     1 |       |       |       ||     1
    Use: Scroll            |       |     4 |    14 |    17 |     9 |     9 |     5 |    30 |    29 ||   117
         Potion            |       |       |     6 |     1 |       |     3 |     4 |    13 |    35 ||    62
 Armour: Robe              |     7 |       |       |       |       |       |       |       |       ||     7
         Chain mail        |    67 |    93 |   252 |       |       |       |       |       |       ||   412
         Ring mail         |       |       |    46 |    76 |       |       |       |       |       ||   122
         Steam dragon scal |       |       |    22 |       |       |       |       |       |       ||    22
         Gold dragon scale |       |       |       |   505 |   885 |  1130 |   692 |   816 |  2923 ||  6951
  Dodge: Dodged            |    19 |    27 |    79 |    50 |   198 |   150 |   373 |   466 |  1291 ||  2653
  Block: Tower shield      |       |       |       |   118 |       |   300 |  2367 |  2903 |  7936 || 13624
         Buckler           |       |       |       |   132 |   696 |       |       |       |       ||   828
         Kite shield       |       |       |       |       |   151 |   864 |       |       |       ||  1015
